 Dungeon Crawl Stone Soup version 0.30-a0-760-g5a9884bb7c (webtiles) character file.

Game seed: 17776669656327974991

709 kae the Digger (level 7, -4/36 HPs)
             Began as a Gargoyle Earth Elementalist on Feb 10, 2023.
             Was an Initiate of Vehumet.
             Slain by Edmund
             ... wielding a +5 flail of protection
              (10 damage)
             ... on level 6 of the Dungeon.
             The game lasted 00:03:28 (5363 turns).

kae the Digger (Gargoyle Earth Elementalist)        Turns: 5363, Time: 00:03:29

Health: -4/36      AC: 12    Str: 12    XL:     7   Next: 68%
Magic:  1/13       EV: 11    Int: 17    God:    Vehumet [......]
Gold:   265        SH:  0    Dex: 10    Spells: 8/14 levels left

rFire   . . .      SeeInvis .    h - +4 dagger (venom)
rCold   + . .      Faith    .    (no shield)
rNeg    + . .      Spirit   .    a - +0 robe
rPois   ∞          Reflect  .    (no helmet)
rElec   +          Harm     .    (no cloak)
rCorr   .          Rampage  .    (no gloves)
Will    .....                    u - +1 pair of boots
Stlth   ++                       (no amulet)
HPRegen 0.26/turn                C - ring of protection from cold
MPRegen 0.13/turn                O - +4 ring of protection

@: very slightly contaminated
A: sickness immunity, AC +4, negative energy resistance 1, electricity
resistance, torment resistance 1, petrification resistance
a: Renounce Religion


You were on level 6 of the Dungeon.
You worshipped Vehumet.
Vehumet was noncommittal.
You visited 2 branches of the dungeon, and saw 7 of its levels.

You collected 265 gold pieces.


Innate Abilities, Weirdness & Mutations

You are immune to sickness and miasma.
Your stone body is resilient. (AC +4)
You are immune to poison.
You resist negative energy. (rN+)
You are resistant to electric shocks. (rElec)
You are resistant to unholy torment.
You are immune to petrification.


   Skills:
 - Level 1.5 Dodging
 - Level 2.1 Stealth
 + Level 4.0 Spellcasting
 * Level 5.8 Conjurations
 - Level 0.7 Transmutations
 + Level 6.5 Earth Magic


You had 8 spell levels left.
You knew the following spells:

 Your Spells              Type           Power      Damage    Failure   Level
a - Sandblast             Erth           50%        2d12      1%          1
b - Stone Arrow           Conj/Erth      48%        3d10      3%          3
c - Passwall              Tmut/Erth      12%        N/A       5%          2

Your spell library contained the following spells:

 Spells                   Type           Power      Damage    Failure   Level
 Wereblood                Tmut           5%         N/A       19%         2
 Scorch                   Fire           6%         2d5       24%         2
 Petrify                  Tmut/Erth      15%        N/A       34%         4
 Leda's Liquefaction      Hex/Erth       7%         N/A       38%         4
 Call Canine Familiar     Summ           3%         N/A       43%         3
 Portal Projectile        Hex/Tloc       6%         N/A       43%         3
 Tukima's Dance           Hex            3%         N/A       43%         3
 Flame Wave               Conj/Fire      13%        2d6       43%         4
 Passage of Golubria      Tloc           3%         N/A       83%         4
 Yara's Violent Unravell  Hex/Tmut       2%         3d3       98%         5
 Summon Cactus Giant      Summ           1%         N/A       100%        6
 Summon Hydra             Summ           1%         N/A       100%        7
 Sublimation of Blood     Necr           Unusable   N/A       N/A         2

Inventory:

Hand Weapons
 h - a +4 dagger of venom (weapon)
   (You took it off a goblin on level 1 of the Dungeon)
Missiles
 d - 56 stones
 j - 11 poisoned darts
 v - 2 throwing nets {=f!f}
Armour
 a - a +0 robe (worn)
 u - a +1 pair of boots (worn)
   (You found it on level 3 of the Dungeon)
Jewellery
 o - an amulet of reflection
   (You found it on level 5 of the Dungeon)
 C - a ring of protection from cold (left hand)
   (You found it on level 1 of the Dungeon)
 D - a +6 ring of dexterity
   (You found it on level 2 of the Dungeon)
 N - a ring of positive energy
   (You found it on level 3 of the Dungeon)
 O - a +4 ring of protection (right hand)
   (You found it on level 3 of the Dungeon)
Wands
 r - a wand of paralysis (7)
   (You found it on level 5 of the Dungeon)
 s - a wand of flame (12)
   (You found it on level 5 of the Dungeon)
 w - a wand of roots (13)
   (You found it on level 4 of the Dungeon)
 x - a wand of quicksilver (3)
   (You found it on level 4 of the Dungeon)
Scrolls
 p - 2 scrolls of vulnerability {!r!r}
 t - a scroll of poison
Potions
 b - 2 potions of magic
 c - 4 potions of attraction {unknown}
 e - 3 potions of lignification {!q}
 f - a potion of curing {@q1}
 g - a potion of brilliance {unknown}
 i - a potion of might
 k - a potion of invisibility {unknown}
 l - a potion of cancellation
 m - 3 potions of heal wounds {unknown}
 n - 3 potions of ambrosia
 q - 4 potions of berserk rage {unknown}
 z - a potion of haste {@q3}
 A - a potion of flight {unknown}
 B - a potion of mutation {unknown}

Dungeon Overview and Level Annotations

Branches:
Dungeon (6/15) Zot: 26740  Temple (1/1) D:5 Zot: 5775

Altars:
Ashenzari
Dithmenos
Elyvilon
Fedhas
Gozag
Hepliaklqana
Kikubaaqudgha
Makhleb
Nemelex Xobeh
Qazlal
Ru
Sif Muna
Trog
Uskayaw
Vehumet
Yredelemnul
Zin
The Shining One

Shops:
D:2 (

Annotations:
D:6 Edmund

.......................#
.......................#
................#.######
..#..........###..#
............## #.##
.......[....# #.#
.##.........# ##.#
[##........# #..#######
...#######. #.@.......
................@.......
..#.....#.........[../..
#.......................
#.......................
#.......................
#.......................
........................
#..........


You could see Edmund (extremely poisoned).


Message History

You lost 1 mp, and now have 9/13 mp.
Unknown command.
Casting: Sandblast (safe; 1% risk of failure)
Confirm with . or Enter, or press ? or * to list all spells.
Aiming: Stone Arrow (dangerous; 3% risk of failure)
Press: ? - help, Shift-Dir - straight line, f/p - Edmund
Aim: Edmund, wielding a +5 flail of protection and wearing a +0 ring mail (75% to hit)
The stone arrow hits Edmund!!
Edmund hits you with a +5 flail of protection. 😕 HP[-1] MP[-3]
You take 1 damage, and now have 32/36 hp.
You lost 3 mp, and now have 6/13 mp.
Unknown command.
Casting: Stone Arrow (dangerous; 3% risk of failure)
Confirm with . or Enter, or press ? or * to list all spells.
Aiming: Stone Arrow (dangerous; 3% risk of failure)
Press: ? - help, Shift-Dir - straight line, f/p - Edmund
Aim: Edmund, wielding a +5 flail of protection and wearing a +0 ring mail (heavily wounded, 75% to hit)
The stone arrow hits Edmund!
Edmund drinks a potion.
Edmund is healed! 😕 HP[+1] MP[-2]
You lost 2 mp, and now have 4/13 mp.
Casting: Stone Arrow (dangerous; 3% risk of failure)
Confirm with . or Enter, or press ? or * to list all spells.
Aiming: Stone Arrow (dangerous; 3% risk of failure)
Press: ? - help, Shift-Dir - straight line, f/p - Edmund
Aim: Edmund, wielding a +5 flail of protection and wearing a +0 ring mail (heavily wounded, 75% to hit)
You miscast Stone Arrow.
You are very lightly contaminated with residual magic.
Nothing appears to happen.
Edmund barely misses you. 😕 MP[-3]
You lost 3 mp, and now have 1/13 mp.
Casting: Stone Arrow (dangerous; 3% risk of failure)
Confirm with . or Enter, or press ? or * to list all spells.
You don't have enough magic to cast this spell.
Okay, then.
You hit Edmund but do no damage.
Edmund says, "People accused me of being a cutpurse!"
Edmund hits you with a +5 flail of protection. 😕 HP[-3]
You take 3 damage, and now have 30/36 hp.
You closely miss Edmund.
Edmund hits you with a +5 flail of protection. 😮 HP[-4]
You take 4 damage, and now have 26/36 hp.
Unknown command.
You hit Edmund but do no damage.
Edmund hits you with a +5 flail of protection. 😮 HP[-5]
You take 5 damage, and now have 21/36 hp.
You completely miss Edmund. Edmund barely misses you.
Unknown command.
You completely miss Edmund.
Edmund asks, "Have you met my wondrous brother?"
Edmund hits you with a +5 flail of protection.
* * * LOW HITPOINT WARNING * * *
😨 HP[-5]
You take 5 damage, and now have 16/36 hp.
You hit Edmund but do no damage.
Edmund is poisoned.
Edmund hits you with a +5 flail of protection!
* * * LOW HITPOINT WARNING * * *
😱 HP[-7]
You take 7 damage, and now have 9/36 hp.
You hit Edmund but do no damage.
Edmund looks as sick as possible!
Edmund hits you but does no damage.
Your magical contamination has completely faded away. 😨 HP[+1] MP[+1] Unknown command.
You closely miss Edmund.
Edmund hits you with a +5 flail of protection!
* * * LOW HITPOINT WARNING * * *
😱 HP[-8]
You take 8 damage, and now have 2/36 hp.
MASSIVE DAMAGE!! (PAUSE)
You feel better.
Edmund hits you with a +5 flail of protection!
* * * LOW HITPOINT WARNING * * *
😱 HP[-1]
You take 1 damage, and now have 1/36 hp.
You feel better.
Edmund hits you with a +5 flail of protection.
* * * LOW HITPOINT WARNING * * *
😱 HP[+8]
You regained 8 hp, and now have 9/36 hp.
You hit Edmund but do no damage.
Edmund looks as sick as possible!
Edmund hits you with a +5 flail of protection.
* * * LOW HITPOINT WARNING * * *
😱 HP[-3]
You take 3 damage, and now have 6/36 hp.
Casting: Stone Arrow (dangerous; 3% risk of failure)
Confirm with . or Enter, or press ? or * to list all spells.
Aiming: Sandblast (safe; 1% risk of failure)
Press: ? - help, Shift-Dir - straight line, f/p - Edmund
Aim: Edmund, wielding a +5 flail of protection and wearing a +0 ring mail (almost dead, extremely poisoned, 85% to hit)
You miscast Sandblast.
You are very lightly contaminated with residual magic.
Nothing appears to happen.
Edmund hits you with a +5 flail of protection!
You die...

Skill      XL: |  1  2  3  4  5  6  7 |
---------------+----------------------+-----
Conjurations   | 1 2 3 5 |  5.8
Earth Magic    | 4 5 6 |  6.5
Spellcasting   | 3 4 |  4.0
Dodging        | |  1.5
Stealth        | |  2.1
Transmutations | |  0.7

Action                     |  1- 3 |  4- 6 |  7- 9 || total
---------------------------+-------+-------+-------++-------
  Melee: Unarmed           |     8 |       |       ||     8
         Dagger            |     1 |     4 |    17 ||    22
   Cast: Sandblast         |    34 |    80 |    26 ||   140
         Stone Arrow       |       |       |     2 ||     2
    Use: Scroll            |     3 |     8 |     2 ||    13
         Potion            |       |       |     2 ||     2
 Armour: Robe              |    11 |    19 |     5 ||    35
  Dodge: Dodged            |    13 |    27 |    10 ||    50

Levels and vault maps discovered:
D:1:      mrwooster_arrival_statue_2, layout_basic
D:2:      layout_basic, serial_shops, nicolae_shop_bloodbath_and_beyond,
          uniq_jessica
D:3:      layout_basic, minmay_liquid_box
D:4:      layout_basic, kennysheep_potato
D:5:      layout_loops_ring, gammafunk_temple_overflow_pools,
          minmay_temple_entry_water_ring, palyth_stone_intersect
D:6:      layout_rooms, bh_walls_and_bars, uniq_edmund
Temple:   nicolae_temple_slightly_damp_pantheon

Notes
Turn   | Place    | Note
-------+----------+-------------------------------------------
     0 | D:1      | kae the Gargoyle Earth Elementalist began the quest for the
                  | Orb.
     0 | D:1      | Reached XP level 1. HP: 10/10 MP: 3/3
     0 | D:1      | magus.rc [v1.11.3]
   151 | D:1      | Reached XP level 2. HP: 10/15 MP: 0/5
   202 | D:1      | Reached skill level 1 in Conjurations
   296 | D:1      | Reached skill level 4 in Earth Magic
   925 | D:2      | Noticed Jessica
   932 | D:2      | Reached XP level 3. HP: 19/19 MP: 3/6
   936 | D:2      | Killed Jessica
   937 | D:2      | Reached skill level 2 in Conjurations
   941 | D:2      | Learned a level 3 spell: Stone Arrow
   944 | D:2      | Learned a level 2 spell: Passwall
  1013 | D:2      | You pick up a book of Scorching and begin reading...
  1013 | D:2      | You add the spells Scorch, Flame Wave and Summon Cactus
                  | Giant to your library.
  1095 | D:2      | Reached XP level 4. HP: 24/24 MP: 4/7
  1406 | D:2      | Found Loimoryv's Weapon Boutique.
  1895 | D:3      | You fall into a shaft and drop 2 floors!
  1895 | D:5      | Entered Level 5 of the Dungeon
  2279 | D:4      | You pick up a book of Blood and begin reading...
  2279 | D:4      | You add the spells Wereblood and Summon Hydra to your
                  | library.
  2450 | D:3      | You add the spells Tukima's Dance, Passage of Golubria and
                  | Yara's Violent Unravelling to your library.
  3222 | D:3      | Reached skill level 5 in Earth Magic
  3420 | D:4      | Reached XP level 5. HP: 28/28 MP: 5/9
  3421 | D:4      | Reached skill level 3 in Conjurations
  3613 | D:4      | You pick up a book of the Hunter and begin reading...
  3613 | D:4      | You add the spells Call Canine Familiar, Portal Projectile
                  | and Leda's Liquefaction to your library.
  3912 | D:5      | Found a staircase to the Ecumenical Temple.
  3920 | D:5      | Reached skill level 3 in Spellcasting
  3964 | D:5      | Reached XP level 6. HP: 22/32 MP: 5/10
  4001 | D:5      | Reached skill level 4 in Conjurations
  4053 | Temple   | Entered the Ecumenical Temple
  4258 | Temple   | Became a worshipper of Vehumet
  4324 | D:5      | Noticed a black bear
  4328 | D:5      | Killed a black bear
  4426 | D:5      | Noticed a water moccasin
  4441 | D:5      | Killed a water moccasin
  4442 | D:5      | Reached skill level 5 in Conjurations
  4442 | D:5      | Reached skill level 6 in Earth Magic
  4442 | D:5      | Reached XP level 7. HP: 34/36 MP: 1/12
  4732 | D:5      | Found a hazy altar of Hepliaklqana.
  4733 | D:5      | Found a sparkling altar of Nemelex Xobeh.
  5225 | D:6      | Reached skill level 4 in Spellcasting
  5342 | D:6      | Noticed Edmund
  5357 | D:6      | HP: 9/36 [Edmund/+5 flail of protection (7)]
  5359 | D:6      | HP: 2/36 [Edmund/+5 flail of protection (8)]
  5363 | D:6      | Slain by Edmund

Vanquished Creatures
  A water moccasin (D:5)
  A black bear (D:5)
  A necrophage (D:5)
  A scorpion (D:5)
  An orc priest (D:4)
  A jelly (D:6)
  Jessica (D:2)
  5 iguanas
  3 gnolls (D:4)
  6 adders
  A white imp (D:6)
  2 worms
  3 dart slugs
  3 orcs (D:4)
  11 endoplasms
  A giant cockroach (D:2)
  5 goblins
  7 hobgoblins
  11 jackals
  4 quokkas
  3 ball pythons
  4 bats
  A frilled lizard (D:2)
  5 kobolds
  3 rats
85 creatures vanquished.

Table legend:
 A = Non-vault XP
 B = Vault XP
 C = Vault XP percentage of total XP
 D = Non-vault monster count
 E = Vault monster count
 F = Vault count percentage of total count
                 A         B        C        D         E       F
            +---------+---------+-------+---------+---------+-------
      Total |     975 |      39 |   3.8 |      83 |       2 |   2.4
            +---------+---------+-------+---------+---------+-------
        D:1 |      30 |       0 |   0.0 |      16 |       0 |   0.0
        D:2 |      48 |      37 |  43.5 |      24 |       1 |   4.0
        D:3 |      28 |       0 |   0.0 |      10 |       0 |   0.0
        D:4 |     115 |       2 |   1.7 |      12 |       1 |   7.7
        D:5 |     628 |       0 |   0.0 |      15 |       0 |   0.0
        D:6 |     126 |       0 |   0.0 |       6 |       0 |   0.0
            +---------+---------+-------+---------+---------+-------

Illustrated notes

Table legend:
 A = Kills in this place as a percentage of kills in entire the game.
 B = Kills by you in this place as a percentage of kills by you in the entire game.
 C = Kills by friends in this place as a percentage of kills by friends in the entire game.
 D = Other kills in this place as a percentage of other kills in the entire game.
 E = Experience gained in this place as a percentage of experience gained in the entire game.
 F = Experience gained in this place divided by the number of levels of this place that you have seen.
                   A       B       C       D       E      F
               +-------+-------+-------+-------+-------+----------------------
         Total | 100.0 | 100.0 |   N/A |   N/A | 100.0 | 144.9
       Dungeon | 100.0 | 100.0 |   N/A |   N/A | 100.0 | 169.0
               +-------+-------+-------+-------+-------+----------------------

Table legend: (Time is in decaauts)
 A = Elapsed time spent in this place.
 B = Non-inter-level travel time spent in this place.
 C = Inter-level travel time spent in this place.
 D = Time resting spent in this place.
 E = Time spent auto-exploring this place.
 F = Levels seen in this place.
 G = Mean time per level.
                   A        B        C        D        E       F      G
               +--------+--------+--------+--------+--------+-----+--------+
         Total |   5434 |   5184 |    250 |     77 |   4504 |   7 |  776.3 |
       Dungeon |   5209 |   5004 |    205 |     77 |   4342 |   6 |  868.2 |
        Temple |    224 |    179 |     45 |      0 |    162 |   1 |  224.0 |
               +--------+--------+--------+--------+--------+-----+--------+

Top non-repeatable levels by time:
     D:3: 1118 daAuts
     D:5: 1020 daAuts
     D:4: 951 daAuts
     D:2: 949 daAuts
     D:1: 910 daAuts
     D:6: 258 daAuts
  Temple: 224 daAuts
